 Dungeon Crawl Stone Soup version 0.32-a0-673-g3729bd50f8 (webtiles) character file.

Game seed: 5234546363369876051

95 djent the Ducker (level 4, 0/28 HPs)
             Began as a Deep Elf Monk on Mar 11, 2024.
             Slain by an iguana (10 damage)
             ... on level 3 of the Dungeon.
             The game lasted 00:03:40 (2420 turns).

djent the Ducker (Deep Elf Monk)                    Turns: 2420, Time: 00:03:41

Health: 0/28       AC:  2    Str:  8    XL:     4   Next: 39%
Magic:  6/6        EV: 14    Int: 15    God:
Gold:   67         SH:  0    Dex: 19    Spells: 3/3 levels left

rFire   . . .        a - +0 short sword
rCold   . . .        d - orb {light}
rNeg    . . .        b - +0 robe
rPois   .            (no helmet)
rElec   .            (no cloak)
rCorr   .            (no gloves)
SInv    .            (no boots)
Will    .....        (no amulet)
Stlth   +            (no ring)
HPRegen 0.24/turn    (no ring)
MPRegen 0.10/turn

%: no passive effects
@: glowing
A: no striking features
a: no special abilities


You were on level 3 of the Dungeon.
You visited 1 branch of the dungeon, and saw 3 of its levels.

You collected 67 gold pieces.

Inventory:

Hand Weapons
 a - a +0 short sword (weapon)
Missiles
 l - 5 poisoned darts (quivered)
Armour
 b - a +0 robe (worn)
 d - an orb of light (worn)
 f - a +0 buckler
Scrolls
 c - a scroll of identify {unknown}
 g - a scroll of amnesia {unknown}
 h - a scroll of teleportation {unknown}
 i - a scroll of revelation {unknown}
 k - a scroll of enchant armour {unknown}
 m - a scroll of immolation
Potions
 e - a potion of haste {unknown}
 j - a potion of cancellation {unknown}
 n - a potion of curing {unknown}
 o - a potion of lignification {unknown}


   Skills:
 + Level 3.0 Fighting
 * Level 4.2 Short Blades
 + Level 4.3 Dodging
 + Level 0.4 Shields


You had 3 spell levels left.
You didn't know any spells.
Your spell library contained the following spells:

 Spells                   Type           Power      Damage    Failure   Level
 Ensorcelled Hibernation  Hex/Ice        0%         N/A       38%         2
 Fugue of the Fallen      Necr           0%         N/A       63%         3
 Anguish                  Hex/Necr       0%         N/A       95%         4


Dungeon Overview and Level Annotations

Branches:
Dungeon (3/15)

Altars:
Cheibriados
Xom


Message History

You closely miss the bat.
The bat is severely wounded.
The bat hits you but does no damage. The bat hits you but does no damage.
The bat hits you. You block the bat's attack.
You hit the bat.
You kill the bat!
Your Fighting skill increases to level 3!
No target in view!
You start removing your armour.
You continue removing your +0 buckler. x4
You finish removing your +0 buckler.
You start putting on your armour.
You continue putting on your orb of light. x5
You finish putting on your orb of light.
o - a glowing coppery potion No target in view!
Found a snail-covered altar of Cheibriados.
A kobold comes into view. It is wielding a +0 short sword.
The kobold closely misses you.
You hit the kobold.
The kobold is severely wounded.
You hit the kobold.
You kill the kobold!
No target in view!
No target in view!
Things that are here:
a +0 short sword; a kobold corpse
There is a stone staircase leading down here.
A frilled lizard and an iguana come into view.
The frilled lizard hisses angrily.
You hit the frilled lizard.
You kill the frilled lizard!
No target in view!
You hit the iguana but do no damage. The iguana misses you.
You hit the iguana but do no damage. The iguana bites you.
You hit the iguana but do no damage. You hit the iguana but do no damage.
The iguana bites you!
You barely miss the iguana. The iguana bites you!
You hit the iguana but do no damage. The iguana bites you!
You die...

.....######........####'#####....
...#......#..†...................
.########.....##..............###
.############.................#
........ ...............(...#
.####### #####..............#
.###############..............###
.........#..........######.......
.........#......@##.#########....
.†.......#......l##......#....###
.........#.......#######.>..###
.........#.......# ####.#####
.........#.......# #.##...
.........#.......# #.##.##
.........#.......# #.##.#<
.........#.......# #.##.#.
.........# #.##.#.


You could see an iguana.

Vanquished Creatures
  2 adders
  4 dart slugs
  2 ribbon worms
  An orc (D:3)
  6 ball pythons
  6 endoplasms
  6 giant cockroaches
  4 goblins
  2 hobgoblins
  3 jackals (D:1)
  6 kobolds
  3 quokkas
  6 bats
  A frilled lizard (D:3)
  5 rats
57 creatures vanquished.

Notes
Turn   | Place    | Note
-------+----------+-------------------------------------------
     0 | D:1      | djent the Deep Elf Monk began the quest for the Orb.
     0 | D:1      | Reached XP level 1. HP: 13/13 MP: 3/3
   157 | D:1      | Reached XP level 2. HP: 18/18 MP: 4/4
   399 | D:1      | Reached XP level 3. HP: 18/22 MP: 5/5
   885 | D:2      | Found a shimmering altar of Xom.
  1749 | D:3      | Reached XP level 4. HP: 25/27 MP: 6/6
  1883 | D:3      | Found a faded altar of an unknown god.
  2358 | D:3      | Found a snail-covered altar of Cheibriados.
  2420 | D:3      | Slain by an iguana

Illustrated notes

Levels and vault maps discovered:
D:1:      matt_arrival_refuge, layout_basic, minmay_stone_trees_small,
          minmay_misc_feat_rows
D:2:      layout_basic, basic_altar, minivault_25
D:3:      layout_basic, cheibriados_altar_1, hellmonk_ecumenical_altar_blasted

Skill      XL: |  1  2  3  4 |
---------------+-------------+-----
Dodging        | 4 |  4.3
Short Blades   | 4 |  4.2
Fighting       | 3 |  3.0
Shields        | |  0.4

Action                     |  1- 3 |  4- 6 || total
---------------------------+-------+-------++-------
  Melee: Short sword       |   172 |    64 ||   236
    Use: Potion            |     2 |       ||     2
 Armour: Robe              |    72 |    25 ||    97
  Dodge: Dodged            |   100 |    32 ||   132
  Block: Buckler           |     7 |     5 ||    12

Table legend: (Time is in decaauts)
 A = Elapsed time spent in this place.
 B = Non-inter-level travel time spent in this place.
 C = Inter-level travel time spent in this place.
 D = Time resting spent in this place.
 E = Time spent auto-exploring this place.
 F = Levels seen in this place.
 G = Mean time per level.
                   A        B        C        D        E       F      G
               +--------+--------+--------+--------+--------+-----+--------+
         Total |   2381 |   2334 |     47 |    205 |   1634 |   3 |  793.7 |
       Dungeon |   2381 |   2334 |     47 |    205 |   1634 |   3 |  793.7 |
               +--------+--------+--------+--------+--------+-----+--------+

Top non-repeatable levels by time:
     D:1: 840 daAuts
     D:2: 814 daAuts
     D:3: 727 daAuts
